 Dungeon Crawl Stone Soup version 0.29.0-4-gdea44cf6ec (webtiles) character file.

Game seed: 14435023349667985207

1606 qw the Grappler (level 8, -3/78 HPs)
             Began as a Troll Cinder Acolyte on Aug 31, 2022.
             Was an Elder of Ignis.
             Succumbed to a water moccasin's poison
             ... on level 7 of the Dungeon.
             The game lasted 00:03:21 (5799 turns).

qw the Grappler (Troll Cinder Acolyte)              Turns: 5799, Time: 00:03:22

Health: -3/78      AC: 14    Str: 33    XL:     8   Next: 63%
Magic:  8/8        EV:  9    Int: 10    God:    Ignis [****..]
Gold:   1075       SH:  0    Dex: 11    Spells: 9/9 levels left

rFire   + + .      SeeInvis +     - Unarmed
rCold   x . .      Faith    .   (no shield)
rNeg    . . .      Spirit   .   a - +0 robe
rPois   .          Reflect  .   (helmet restricted)
rElec   .          Harm     .   i - +2 cloak
rCorr   .          Rampage  .   (gloves unavailable)
Will    .....                   (boots unavailable)
Stlth   +.........              q - amulet of regeneration
HPRegen 1.83/turn               s - ring of Starshine {Fire Drain *Slow Str+8 SInv}
MPRegen 0.11/turn               p - +6 ring of dexterity

@: lethally poisoned (-3 -> -24), fiery-armoured
A: large, unfitting armour, claws 3, regeneration 1, shaggy fur 1, tough skin 1
a: Renounce Religion, Fiery Armour, Foxfire Swarm, Rising Flame


You were on level 7 of the Dungeon.
You worshipped Ignis.
Ignis was greatly pleased with you.
You visited 1 branch of the dungeon, and saw 7 of its levels.
You also visited: Sewer.

You collected 1470 gold pieces.
You spent 395 gold pieces at shops.


Innate Abilities, Weirdness & Mutations

You are too large for most types of armour.
You have claws for hands.
Your natural rate of healing is unusually fast.
You are covered in fur. (AC +1)
You have tough skin. (AC +1)


   Skills:
 - Level 4.2 Fighting
 - Level 1.7 Throwing
 + Level 1.3 Dodging
 - Level 10.1 Unarmed Combat
 - Level 1.0 Spellcasting
 - Level 2.1 Fire Magic


You had 9 spell levels left.
You didn't know any spells.
Your spell library contained the following spells:

 Spells                   Type           Power      Damage    Failure   Level
 Scorch                   Fire           14%        2d6       22%         2

Inventory:

Missiles
 m - a boomerang (quivered)
Armour
 a - a +0 robe (worn)
 i - a +2 cloak (worn)
Jewellery
 p - a +6 ring of dexterity (right claw)
 q - an amulet of regeneration (around neck)
 s - the ring of Starshine (left claw) {Fire Drain *Slow Str+8 SInv}
   (You found it on level 5 of the Dungeon)

   [ring of fire]

   It enhances your fire magic.
   Str:       It affects your strength (+8).
   rF:        It protects you from fire.
   rC:        It makes you vulnerable to cold.
   SInv:      It lets you see invisible.
   Drain:     It drains your maximum health when unequipped.
   *Slow:     It may slow you when you take damage.
 t - a ring of resist corrosion
Scrolls
 e - a scroll of identify
 k - a scroll of enchant weapon
 l - a scroll of brand weapon
Potions
 b - a potion of might
 c - a potion of mutation
 d - 6 potions of curing
 f - a potion of cancellation
 g - a potion of heal wounds {unknown}
 h - a potion of flight {unknown}
 j - a potion of resistance
 o - a potion of brilliance {unknown}
 r - a potion of haste

Dungeon Overview and Level Annotations

Branches:
Dungeon (7/15)             Temple (0/1) D:5           Sewer (visited)

Altars:
Ashenzari
Cheibriados
Fedhas
Hepliaklqana
Nemelex Xobeh
Okawaru
Qazlal
Trog
Xom
Zin

Shops:
D:3 ?   D:4 *   D:5 ?

Annotations:
D:2 1 runed translucent door, Crazy Yiuf
D:4 1 runed translucent door, qw's ghost, novice TrCA


Message History

You barely miss the water moccasin.
You feel very sick. The water moccasin bites you!
You are more poisoned.
The water moccasin poisons you!
The orc priest shouts!
You mangle the water moccasin!!
The water moccasin is severely wounded.
You feel very sick.
You hear a shout!
The orc priest calls down the wrath of Beogh upon you.
Beogh smites you! The water moccasin bites you.
You are more poisoned.
The water moccasin poisons you!
You hear a shout!
5796 ||| INVOKING Fiery Armour.
A protective cloak of flame settles atop you.
You feel extremely sick.
You hear a shout!
The water moccasin barely misses you.
The orc priest calls down the wrath of Beogh upon you.
Beogh smites you!
An ogre comes into view. It is wielding a +0 giant club.
You scratch the water moccasin.
The water moccasin is almost dead.
You feel very sick. The water moccasin bites you.
You are more poisoned.
The water moccasin poisons you!
The water moccasin is burned by your cloak of flames.
You kill the water moccasin!
Your Unarmed Combat skill increases to level 10!
You scratch the orc.
The orc is almost dead.
You feel extremely sick. The orc barely misses you.
The orc priest miscasts a cantrip.
You mangle the orc!!
You kill the orc!
You die...

.....#
#....#.#
.....#
######.#
.....#
#>#
.....#
#.#
+#.###
#.# #.
#.# #.#
#.# #@#
#)# #o#
#.# #o.
.O. ).?
....


You could see an ogre, an orc priest and an orc.

Vanquished Creatures
  Grinder (D:4)
  Sigmund (D:4)
  A water moccasin (D:7)
  A black bear (D:5)
  Pargi (Sewer)
  A centaur (D:5)
  An ogre (D:6)
  4 scorpions
  3 hounds (D:5)
  2 jellies
  An orc priest (D:5)
  3 iguanas
  An iron imp (D:6)
  Robin (D:3)
  4 gnolls
  7 adders
  3 worms
  22 orcs
  9 bats
  10 endoplasms
  9 giant cockroaches
  15 goblins
  7 hobgoblins
  6 jackals
  17 kobolds
  5 quokkas
  10 ball pythons
  5 frilled lizards
  11 rats
162 creatures vanquished.

Vanquished Creatures (others)
  A wizard (D:3)
  A plant (D:3)
2 creatures vanquished.

Grand Total: 164 creatures vanquished

Notes
Turn   | Place    | Note
-------+----------+-------------------------------------------
     0 | D:1      | qw the Troll Cinder Acolyte began the quest for the Orb.
     0 | D:1      | Reached XP level 1. HP: 22/22 MP: 1/1
     0 | D:1      | 0 ||| qw: Version: 0.1-a-97-g2dd2ca4
     0 | D:1      | 0 ||| qw: Game counter: 4600
     0 | D:1      | 0 ||| qw: Always use a shield: true
     0 | D:1      | 0 ||| qw: God list: Okawaru
     0 | D:1      | 0 ||| qw: Allow faded altars: false
     0 | D:1      | 0 ||| qw: Do Orc after D:15 true
     0 | D:1      | 0 ||| qw: Do second Lair branch before Depths: true
     0 | D:1      | 0 ||| qw: Lair rune preference: random
     0 | D:1      | 0 ||| qw: Plans: Normal
     0 | D:1      | 0 ||| PLANNING D:1-11
   179 | D:1      | Reached XP level 2. HP: 29/29 MP: 2/2
   297 | D:1      | Reached skill level 4 in Unarmed Combat
   732 | D:1      | Reached XP level 3. HP: 36/36 MP: 3/3
  1109 | D:1      | 1109 ||| READING scroll labelled ZORYGO XOCRAUMN.
  1210 | D:1      | 1210 ||| READING scroll labelled YFOTWO TESHOA.
  1211 | D:1      | 1211 ||| READING scroll labelled HUTIPAPNEI.
  1212 | D:1      | 1212 ||| READING scroll labelled IGAUFURRE NYDE.
  1213 | D:1      | 1213 ||| DRINKING 2 white potions.
  1427 | D:2      | Found the +8 whip "Snakebite" {venom, curare, rPois}
  1634 | D:2      | Reached skill level 5 in Unarmed Combat
  1634 | D:2      | Reached XP level 4. HP: 44/44 MP: 4/4
  1675 | D:2      | 1675 ||| Stepping ~*~*~tactically~*~*~ (hiding).
  2056 | D:2      | 2056 ||| Stepping ~*~*~tactically~*~*~ (stealth).
  2084 | D:2      | Found a runed translucent door.
  2085 | D:2      | Noticed Crazy Yiuf
  2197 | D:2      | 2197 ||| READING scroll labelled ZUFUCE NYWIRO.
  2198 | D:2      | 2198 ||| READING scroll labelled JEUDDAOVIS.
  2199 | D:2      | 2199 ||| READING scroll labelled DACZAV VESYCE.
  2199 | D:2      | Identified a scroll of acquirement
  2199 | D:2      | 2199 ||| ACQUIRING 1175 gold pieces
  2199 | D:2      | Acquired 1175 gold pieces
  2290 | D:3      | 2290 ||| PLANNING SEWER
  2346 | D:3      | 2346 ||| Stepping ~*~*~tactically~*~*~ (outnumbered).
  2347 | D:3      | 2347 ||| Stepping ~*~*~tactically~*~*~ (outnumbered).
  2348 | D:3      | 2348 ||| Stepping ~*~*~tactically~*~*~ (outnumbered).
  2391 | D:3      | 2391 ||| Stepping ~*~*~tactically~*~*~ (outnumbered).
  2392 | D:3      | 2392 ||| Stepping ~*~*~tactically~*~*~ (outnumbered).
  2399 | D:3      | 2399 ||| Stepping ~*~*~tactically~*~*~ (stealth).
  2403 | D:3      | 2403 ||| Stepping ~*~*~tactically~*~*~ (stealth).
  2449 | D:3      | Found a stormy altar of Qazlal.
  2456 | D:3      | Found a blossoming altar of Fedhas.
  2480 | D:3      | 2480 ||| Stepping ~*~*~tactically~*~*~ (outnumbered).
  2481 | D:3      | 2481 ||| Stepping ~*~*~tactically~*~*~ (outnumbered).
  2482 | D:3      | 2482 ||| Stepping ~*~*~tactically~*~*~ (outnumbered).
  2488 | D:3      | Reached XP level 5. HP: 44/50 MP: 5/5
  2489 | D:3      | 2489 ||| FLEEEEING.
  2490 | D:3      | 2490 ||| FLEEEEING.
  2518 | D:3      | Noticed Robin
  2521 | D:3      | 2521 ||| Stepping ~*~*~tactically~*~*~ (hiding).
  2521 | D:3      | Found Jyilus's Magic Scroll Emporium.
  2522 | D:3      | 2522 ||| Stepping ~*~*~tactically~*~*~ (hiding).
  2525 | D:3      | 2525 ||| INVOKING Fiery Armour.
  2528 | D:3      | 2528 ||| Stepping ~*~*~tactically~*~*~ (outnumbered).
  2528 | D:3      | Killed Robin
  2529 | D:3      | 2529 ||| Stepping ~*~*~tactically~*~*~ (outnumbered).
  2532 | D:3      | 2532 ||| Stepping ~*~*~tactically~*~*~ (outnumbered).
  2534 | D:3      | 2534 ||| Stepping ~*~*~tactically~*~*~ (outnumbered).
  2535 | D:3      | 2535 ||| Stepping ~*~*~tactically~*~*~ (outnumbered).
  2536 | D:3      | Reached skill level 6 in Unarmed Combat
  2537 | D:3      | 2537 ||| FLEEEEING.
  2539 | D:3      | 2539 ||| Stepping ~*~*~tactically~*~*~ (outnumbered).
  2540 | D:3      | 2540 ||| Stepping ~*~*~tactically~*~*~ (outnumbered).
  2541 | D:3      | 2541 ||| Stepping ~*~*~tactically~*~*~ (outnumbered).
  2569 | D:3      | 2569 ||| BUYING scroll of enchant weapon (82 gold).
  2569 | D:3      | Bought a scroll of enchant weapon for 82 gold pieces
  2569 | D:3      | 2569 ||| BUYING scroll of identify (22 gold).
  2569 | D:3      | Bought a scroll of identify for 22 gold pieces
  2569 | D:3      | 2569 ||| BUYING scroll of teleportation (33 gold).
  2569 | D:3      | Bought a scroll of teleportation for 33 gold pieces
  2681 | D:3      | Found a glowing drain.
  2689 | D:3      | 2689 ||| READING scroll labelled UZXEUSH LADAXT.
  2690 | D:3      | 2690 ||| READING scroll labelled DUBAM ZIFAUHET.
  2691 | D:3      | 2691 ||| DRINKING 2 pink potions.
  2692 | D:3      | 2692 ||| READING 2 scrolls of identify.
  2692 | D:3      | 2692 ||| IDENTIFYING coppery potion
  2693 | D:3      | 2693 ||| DROPPING potion of invisibility.
  2694 | D:3      | 2694 ||| DROPPING potion of attraction.
  2704 | Sewer    | Entered a sewer
  2809 | Sewer    | Noticed Pargi
  2814 | Sewer    | Killed Pargi
  2815 | Sewer    | Reached XP level 6. HP: 47/59 MP: 6/6
  2840 | Sewer    | 2840 ||| DROPPING orb of light.
  2854 | D:3      | 2854 ||| PLANNING D:1-11
  2896 | D:3      | Found a bloodstained altar of Trog.
  2901 | D:3      | Noticed a wizard
  2903 | D:3      | Killed a wizard
  2938 | D:3      | Found a faded altar of an unknown god.
  3207 | D:4      | Noticed Sigmund
  3222 | D:4      | 3222 ||| DRINKING 7 potions of curing.
  3222 | D:4      | 3222 ||| (to cure confusion)
  3244 | D:4      | 3244 ||| DRINKING 6 potions of curing.
  3244 | D:4      | 3244 ||| (to cure confusion)
  3252 | D:4      | HP: 13/59 [something (11)]
  3254 | D:4      | 3254 ||| READING 2 scrolls of teleportation.
  3255 | D:4      | 3255 ||| INVOKING Fiery Armour.
  3255 | D:4      | HP: 6/59 [Sigmund/+0 scythe (9)]
  3260 | D:4      | 3260 ||| READING scroll of teleportation.
  3263 | D:4      | 3263 ||| Stepping ~*~*~tactically~*~*~ (outnumbered).
  3264 | D:4      | HP: 10/59 [jackal (1)]
  3274 | D:4      | Reached skill level 7 in Unarmed Combat
  3342 | D:4      | 3342 ||| Stepping ~*~*~tactically~*~*~ (stealth).
  3350 | D:4      | 3350 ||| Stepping ~*~*~tactically~*~*~ (outnumbered).
  3408 | D:4      | 3408 ||| Stepping ~*~*~tactically~*~*~ (stealth).
  3441 | D:4      | 3441 ||| DRINKING 5 potions of curing.
  3441 | D:4      | 3441 ||| (to cure confusion)
  3449 | D:4      | HP: 14/59 [something (9)]
  3452 | D:4      | 3452 ||| DRINKING 4 potions of curing.
  3452 | D:4      | 3452 ||| (to cure confusion)
  3456 | D:4      | 3456 ||| INVOKING Fiery Armour.
  3462 | D:4      | Killed Sigmund
  3463 | D:4      | Reached skill level 8 in Unarmed Combat
  3543 | D:4      | Reached XP level 7. HP: 66/66 MP: 7/7
  3572 | D:4      | 3572 ||| Stepping ~*~*~tactically~*~*~ (stealth).
  3739 | D:4      | Noticed Grinder
  3743 | D:4      | Killed Grinder
  3935 | D:4      | Found a runed translucent door.
  3945 | D:4      | Noticed qw's ghost (novice TrCA)
  4042 | D:4      | Found Siyblas's Assorted Antiques.
  4049 | D:4      | 4049 ||| BUYING ruby potion (28 gold).
  4049 | D:4      | Bought a ruby potion for 28 gold pieces
  4111 | D:4      | Found an iron altar of Okawaru.
  4223 | D:4      | 4223 ||| UPGRADING to +0 cloak.
  4228 | D:4      | 4228 ||| READING scroll of enchant armour.
  4228 | D:4      | 4228 ||| ENCHANTING +0 cloak.
  4229 | D:4      | 4229 ||| UPGRADING to ring of resist corrosion.
  4230 | D:4      | 4230 ||| READING scroll labelled LUGAAT GITEJI.
  4264 | D:4      | 4264 ||| READING 3 scrolls labelled YSUEKE KOSKACY.
  4265 | D:4      | 4265 ||| DRINKING 2 grey potions.
  4266 | D:4      | 4266 ||| DROPPING 2 scrolls of poison.
  4267 | D:4      | 4267 ||| READING scroll of teleportation.
  4319 | D:5      | Entered Level 5 of the Dungeon
  4368 | D:5      | 4368 ||| INVOKING Fiery Armour.
  4369 | D:5      | Identified the +0 leather armour of Weightlessness {Harm
                  | rElec Int-4 Stlth+}
  4370 | D:5      | 4370 ||| Stepping ~*~*~tactically~*~*~ (outnumbered).
  4373 | D:5      | 4373 ||| Stepping ~*~*~tactically~*~*~ (outnumbered).
  4379 | D:5      | 4379 ||| Stepping ~*~*~tactically~*~*~ (outnumbered).
  4399 | D:5      | Reached XP level 8. HP: 65/78 MP: 8/8
  4462 | D:5      | Found a staircase to the Ecumenical Temple.
  4495 | D:5      | Reached skill level 9 in Unarmed Combat
  4513 | D:5      | Reached skill level 1 in Throwing
  4538 | D:5      | Found Ronleir's Magic Scroll Shoppe.
  4548 | D:5      | 4548 ||| Stepping ~*~*~tactically~*~*~ (hiding).
  4554 | D:5      | Reached skill level 1 in Dodging
  4904 | D:5      | Identified the ring of Starshine {Fire Drain *Slow Str+8
                  | SInv}
  4950 | D:5      | 4950 ||| UPGRADING to amulet of regeneration.
  4955 | D:5      | 4955 ||| UPGRADING to +6 ring of dexterity.
  4956 | D:5      | 4956 ||| UPGRADING to ring of Starshine {Fire Drain *Slow
                  | Str+8 SInv}.
  4958 | D:5      | 4958 ||| DRINKING 2 ruby potions.
  5081 | D:5      | 5081 ||| READING 2 scrolls of teleportation.
  5082 | D:5      | 5082 ||| STAIRDANCE
  5184 | D:6      | 5184 ||| Stepping ~*~*~tactically~*~*~ (stealth).
  5286 | D:6      | Found a glowing silver altar of Zin.
  5288 | D:6      | Noticed an angel
  5292 | D:6      | Found a shimmering altar of Xom.
  5307 | D:6      | Found a broken altar of Ashenzari.
  5377 | D:6      | Found a snail-covered altar of Cheibriados.
  5423 | D:6      | Found a hazy altar of Hepliaklqana.
  5491 | D:6      | Found a sparkling altar of Nemelex Xobeh.
  5578 | D:6      | 5578 ||| READING scroll labelled AVINTES MIOS.
  5579 | D:6      | 5579 ||| DRINKING 2 glowing silvery potions.
  5621 | D:6      | 5621 ||| DROPPING potion of lignification.
  5651 | D:5      | 5651 ||| READING scroll of teleportation.
  5740 | D:5      | 5740 ||| BUYING scroll of brand weapon (104 gold).
  5740 | D:5      | Bought a scroll of brand weapon for 104 gold pieces
  5740 | D:5      | 5740 ||| BUYING scroll of enchant armour (82 gold).
  5740 | D:5      | Bought a scroll of enchant armour for 82 gold pieces
  5740 | D:5      | 5740 ||| BUYING scroll of identify (22 gold).
  5740 | D:5      | Bought a scroll of identify for 22 gold pieces
  5740 | D:5      | 5740 ||| BUYING scroll of identify (22 gold).
  5740 | D:5      | Bought a scroll of identify for 22 gold pieces
  5740 | D:5      | 5740 ||| READING scroll of enchant armour.
  5740 | D:5      | 5740 ||| ENCHANTING +1 cloak.
  5741 | D:5      | 5741 ||| READING 3 scrolls of identify.
  5741 | D:5      | 5741 ||| IDENTIFYING bubbling sapphire potion
  5742 | D:5      | 5742 ||| READING 2 scrolls of identify.
  5742 | D:5      | 5742 ||| IDENTIFYING fizzy pink potion
  5796 | D:7      | 5796 ||| INVOKING Fiery Armour.
  5796 | D:7      | HP: 17/78 [orc priest/divine providence (13)]
  5798 | D:7      | Reached skill level 10 in Unarmed Combat
  5798 | D:7      | HP: 2/78 [poisoned by a water moccasin]
  5799 | D:7      | Succumbed to a water moccasin's poison

Levels and vault maps discovered:
D:1:      dpeg_arrival_orchard, layout_basic, kennysheep_small_spiral,
          minmay_unequal
D:2:      layout_loops_corners, cheibrodos_gnoll_hut, uniq_crazy_yiuf_cottage
D:3:      layout_rooms, grunt_temple_overflow_forces_of_nature, trog_wizard,
          gup_sewer_entry_pipe, serial_shops, nicolae_shop_advertising_works
          [nicolae_subvault_shop_adworks],
          dreamdust_ecumenical_altar_angels_and_demons, chequers_big_river,
          uniq_robin
D:4:      layout_basic, kennysheep_mini, ebering_ghost_sewer_d, serial_shops,
          nicolae_square_shop, chequers_arboretum, uniq_grinder, uniq_sigmund
D:5:      layout_basic, minmay_temple_entry_overgrown, serial_shops,
          nicolae_take_the_stairs
D:6:      layout_cave_pools, grunt_temple_overflow_order_and_chaos_1,
          nicolae_ashenzari_skybound, nemelex_xobeh_ov_fountains_minmay,
          slow_altar_2, mainiacjoe_overflow_tiny_flanked
D:7:      layout_basic, pdpol_wu_jian_five_deadly_venoms

Skill      XL: |  1  2  3  4  5  6  7  8 |
---------------+-------------------------+-----
Unarmed Combat | 4 5 6 8 10 | 10.1
Fighting       | 4 |  4.2
Throwing       | 1 |  1.7
Dodging        | 1 |  1.3
Spellcasting   | |  1.0
Fire Magic     | |  2.1

Action                   |  1- 3 |  4- 6 |  7- 9 || total
-------------------------+-------+-------+-------++-------
Melee: Unarmed           |   103 |   154 |   120 ||   377
       Punch             |     1 |     4 |     3 ||     8
Throw: Boomerang         |       |       |    29 ||    29
Invok: Fiery Armour      |       |     3 |     2 ||     5
  Use: Scroll            |     4 |     8 |    10 ||    22
       Potion            |     1 |     5 |     3 ||     9
Armor: Robe              |    25 |    47 |    55 ||   127
Dodge: Dodged            |    28 |    57 |    48 ||   133

Table legend:
 A = Non-vault XP
 B = Vault XP
 C = Vault XP percentage of total XP
 D = Non-vault monster count
 E = Vault monster count
 F = Vault count percentage of total count
                 A         B        C        D         E       F
            +---------+---------+-------+---------+---------+-------
      Total |    1533 |     765 |  33.3 |     127 |      35 |  21.6
            +---------+---------+-------+---------+---------+-------
        D:1 |      50 |       7 |  12.3 |      31 |       4 |  11.4
        D:2 |      83 |      19 |  18.6 |      21 |       3 |  12.5
        D:3 |      62 |      48 |  43.6 |      22 |      18 |  45.0
        D:4 |     407 |     513 |  55.8 |      24 |       2 |   7.7
        D:5 |     532 |       0 |   0.0 |      21 |       0 |   0.0
        D:6 |     243 |      40 |  14.1 |       4 |       1 |  20.0
        D:7 |     156 |       0 |   0.0 |       4 |       0 |   0.0
      Sewer |       0 |     138 | 100.0 |       0 |       7 | 100.0
            +---------+---------+-------+---------+---------+-------
